 Dungeon Crawl Stone Soup version 0.31.0-11-ge490571c62 (webtiles) character file.

Game seed: 3666739885753874152

3266 Khashishi the Magician (level 9, 0/71 HPs)
             Began as an Armataur Hedge Wizard on Jan 27, 2024.
             Was a Believer of Kikubaaqudgha.
             Killed by the air
             ... invoked by Psyche the wind drake
              (22 damage)
             ... on level 8 of the Dungeon.
             The game lasted 01:10:29 (5669 turns).

Khashishi the Magician (Armataur Hedge Wizard)      Turns: 5669, Time: 01:10:30

Health: 0/71       AC: 12    Str: 18    XL:     9   Next: 68%
Magic:  26/27      EV:  9    Int: 17    God:    Kikubaaqudgha [**....]
Gold:   233        SH:  0    Dex:  9    Spells: 2/20 levels left

rFire   + . .        m - +4 spear (chaos)
rCold   + . .        (no shield)
rNeg    . . .        w - +4 ring mail {rC+}
rPois   .            x - +2 hat
rElec   .            (no cloak)
rCorr   .            (no gloves)
SInv    .            (no barding)
Will    .....        t - amulet of faith
Stlth   +            i - ring of magical power
HPRegen 1.61/turn    z - ring of protection from fire
MPRegen 0.86/turn

%: roll, faith
@: on blink cooldown, studying Short Blades
A: large, deformed body, tough skin 3, armoured tail, roll 2
a: Renounce Religion, Unearth Wretches


You were on level 8 of the Dungeon.
You worshipped Kikubaaqudgha.
Kikubaaqudgha was pleased with you.
You visited 2 branches of the dungeon, and saw 9 of its levels.

You collected 440 gold pieces.
You spent 207 gold pieces at shops.

Inventory:

Hand Weapons
 f - a +2 dagger of venom
 m - a +4 spear of chaos (weapon)
 s - a +2 dagger of electrocution
Missiles
 c - 8 poisoned darts
 h - 6 throwing nets
 F - 6 curare-tipped darts
Armour
 l - a +0 buckler
 w - a +4 ring mail of cold resistance (worn)
 x - a +2 hat (worn)
Jewellery
 b - a ring of positive energy
 i - a ring of magical power (left hand)
 t - an amulet of faith (around neck)
 z - a ring of protection from fire (right hand)
 B - a ring of magical power
Wands
 n - a wand of quicksilver (9)
 u - a wand of paralysis (7)
 v - a wand of iceblast (4)
 D - a wand of polymorph (5)
Scrolls
 g - a scroll of butterflies {unknown}
 j - a scroll of enchant armour {unknown}
 o - a scroll of noise {unknown}
 p - 2 scrolls of immolation
 q - 4 scrolls of teleportation
 r - 2 scrolls of blinking {unknown}
 y - 3 scrolls of vulnerability {unknown}
 A - a scroll of fog {unknown}
 C - 3 scrolls of identify
Potions
 a - 3 potions of curing
 d - a potion of magic
 e - a potion of haste
 k - a potion of enlightenment {unknown}
 E - 2 potions of might {unknown}
 G - a potion of cancellation {unknown}


   Skills:
 + Level 3.7 Fighting
 - Level 2.6 Short Blades
 - Level 4.0 Polearms
 + Level 5.5 Armour
 - Level 2.0 Dodging
 - Level 2.3 Stealth
 - Level 6.0 Spellcasting
 - Level 2.0 Conjurations
 - Level 2.4 Summonings
 + Level 3.7 Necromancy
 - Level 2.0 Translocations
 - Level 1.2 Air Magic
 - Level 1.2 Alchemy
 - Level 4.0 Evocations


You had 2 spell levels left.
You knew the following spells:

 Your Spells              Type           Power      Damage    Failure   Level
a - Magic Dart            Conj           44%        1d5       10%         1
b - Blink                 Tloc           22%        N/A       14%         2
c - Call Imp              Summ           26%        N/A       12%         2
d - Cigotuvi's Dreadful   Necr/Alch/Air  24%        N/A       14%         2
e - Mephitic Cloud        Conj/Alch/Air  10%        N/A       34%         3
f - Fugue of the Fallen   Necr           17%        N/A       14%         3
s - Slow                  Hex            20%        N/A       22%         1
z - Necrotise             Necr           68%        1d7       4%          1
D - Vampiric Draining     Necr           17%        2d7       14%         3

Your spell library contained the following spells:

 Spells                   Type           Power      Damage    Failure   Level
 Sublimation of Blood     Necr           17%        N/A       7%          2


Dungeon Overview and Level Annotations

Branches:
Dungeon (8/15)             Temple (1/1) D:4
   Lair: D:8-11

Altars:
Ashenzari
Cheibriados
Dithmenos
Elyvilon
Fedhas
Gozag
Hepliaklqana
Kikubaaqudgha
Makhleb
Nemelex Xobeh
Okawaru
Ru
Sif Muna
Trog
Wu Jian
Xom
Yredelemnul
Zin

Shops:
D:4 *   D:5 ((?:

Annotations:
D:8 Psyche


Innate Abilities, Weirdness & Mutations

Armour fits poorly on your strangely shaped body.
You have extremely tough skin. (AC +3)
You have a long armoured tail.
You regenerate magic and health when rolling toward enemies. (Rampage Regen)


Message History

Press: ? - help, Shift-Dir - straight line, f/p - Psyche
Aim: Psyche the wind drake (chance to affect: 41%) Psyche resists with some effort.
You roll towards Psyche!
You barely miss Psyche. Psyche flaps its wings at you.
The air twists around and strikes you!
Casting: Magic Dart (safe; 10% risk of failure)
Confirm with . or Enter, or press ? or * to list all spells.
A tiny devil pulls itself out of the air.
Psyche bites you!
Psyche exhales a fierce blast of wind!
Your cerulean imp is knocked back by the gust of wind.
Your cerulean imp slams into the rock wall!
Your cerulean imp is almost dead.
You are knocked back by the gust of wind.
You collide with your cerulean imp!
Your cerulean imp dies!
Your cerulean imp disappears in a puff of smoke!
Casting: Call Imp (safe; 12% risk of failure)
Confirm with . or Enter, or press ? or * to list all spells.
You blink.
You roll towards Psyche!
Casting: Blink (safe; 14% risk of failure)
Confirm with . or Enter, or press ? or * to list all spells.
A tiny devil pulls itself out of the air.
Psyche begins repelling missiles!
You hit Psyche.
Psyche looks weaker.
Psyche is lightly wounded.
Psyche flaps its wings at you. The air twists around and strikes you!!
* * * LOW HITPOINT WARNING * * *
Aiming: Paralyse
Press: ? - help, Shift-Dir - straight line, f/p - Psyche
Aim: Psyche the wind drake (lightly wounded, repelling missiles, weak, ally target, chance to affect: 41%) Psyche resists with some effort.
Your cerulean imp closely misses Psyche.
Psyche flaps its wings at you. The air twists around and strikes you!!
You die...
Kikubaaqudgha rasps: "You have failed me!
Welcome... death!"

##+## ##...##
##.....##
##.......##
#.........#
+.........+
#.......5.#
##....@..##
##)..k.##
##...## ##'##
###.## #....#
#..#.#
#....####
#.#####.......#


You could see Psyche the wind drake (repels missiles, weak, ally target) and a
friendly cerulean imp (summoned).

Vanquished Creatures
  A hornet (D:7)
  Grinder (D:4)
  A blink frog (D:6)
  Sigmund (D:3)
  A wraith (D:6)
  The ghost of rbyellow5 the Shield-Bearer, an amateur OpFi (D:3)
  A water moccasin (D:5)
  2 sky beasts
  4 ogres
  A wolf (D:7)
  A centaur (D:8)
  A bullfrog (D:7)
  A gnoll sergeant (D:7)
  2 scorpions
  A bombardier beetle (D:6)
  2 orc priests
  6 hounds
  3 gnoll boudas
  2 sleepcaps (D:6)
  Ijyb (D:5)
  2 iguanas
  4 orc wizards
  19 gnolls
  5 adders
  2 white imps (D:6)
  A ribbon worm (D:4)
  11 orcs
  4 endoplasms
  3 giant cockroaches (D:1)
  10 hobgoblins
  4 jackals (D:7)
  8 kobolds
  4 quokkas
  5 ball pythons
  7 bats
  4 frilled lizards
  14 goblins
  6 rats
147 creatures vanquished.

Vanquished Creatures (collateral kills)
  2 black bears
  A bombardier beetle (D:3)
  A howler monkey (D:3)
  Robin (D:3)
  A gnoll (D:3)
  3 adders (D:2)
  A ribbon worm (D:3)
  2 orcs
  A giant cockroach (D:2)
  A hobgoblin (D:2)
  A ball python (D:2)
  3 goblins
18 creatures vanquished.

Vanquished Creatures (others)
  An orc wizard (D:6)
  An orc zombie (D:5)
2 creatures vanquished.

Grand Total: 167 creatures vanquished

Notes
Turn   | Place    | Note
-------+----------+-------------------------------------------
     0 | D:1      | Khashishi the Armataur Hedge Wizard began the quest for the
                  | Orb.
     0 | D:1      | Reached XP level 1. HP: 14/14 MP: 4/4
     2 | D:1      | Learned a level 1 spell: Slow
    69 | D:1      | Reached skill level 1 in Conjurations
   106 | D:1      | Reached skill level 1 in Summonings
   143 | D:1      | Reached XP level 2. HP: 20/20 MP: 3/5
   155 | D:1      | Learned a level 2 spell: Blink
   158 | D:1      | Learned a level 2 spell: Call Imp
   646 | D:1      | Reached XP level 3. HP: 26/26 MP: 2/7
   664 | D:1      | Found a faded altar of an unknown god.
   847 | D:2      | Reached skill level 3 in Spellcasting
  1007 | D:2      | Reached XP level 4. HP: 33/33 MP: 6/8
  1239 | D:2      | Learned a level 2 spell: Cigotuvi's Dreadful Rot
  1550 | D:3      | Noticed Robin
  1620 | D:3      | Killed Robin
  1735 | D:3      | Reached XP level 5. HP: 23/37 MP: 10/10
  1747 | D:3      | Found a transporter.
  1747 | D:3      | Found a transporter.
  2201 | D:3      | Noticed Sigmund
  2247 | D:3      | Killed Sigmund
  2248 | D:3      | Reached skill level 1 in Fighting
  2248 | D:3      | Reached skill level 1 in Short Blades
  2248 | D:3      | Reached skill level 4 in Spellcasting
  2248 | D:3      | Reached XP level 6. HP: 22/48 MP: 11/12
  2280 | D:3      | Noticed rbyellow5's ghost (amateur OpFi)
  2374 | D:4      | Found Juaqanemp's Assorted Antiques.
  2382 | D:4      | Bought a scroll labelled QAUWIC BIEKLY for 29 gold pieces
  2382 | D:4      | Bought a scroll labelled IQALISHREECK for 29 gold pieces
  2382 | D:4      | Bought an encrusted bronze wand for 116 gold pieces
  2486 | D:4      | Reached skill level 1 in Evocations
  2511 | D:4      | Found a staircase to the Ecumenical Temple.
  2517 | Temple   | Entered the Ecumenical Temple
  2549 | Temple   | Became a worshipper of Kikubaaqudgha
  2675 | D:4      | Gained mutation: You regenerate magic and health when
                  | rolling toward enemies. (Rampage Regen) [Armataur growth]
  2675 | D:4      | Reached XP level 7. HP: 26/55 MP: 13/13
  2854 | D:5      | Entered Level 5 of the Dungeon
  2871 | D:5      | Found Nolur's Book Boutique.
  2990 | D:3      | Killed rbyellow5's ghost
  3158 | D:4      | Noticed Grinder
  3160 | D:4      | Paralysed by Grinder for 2 turns
  3162 | D:4      | Killed Grinder
  3163 | D:4      | Reached skill level 1 in Polearms
  3163 | D:4      | Reached skill level 5 in Spellcasting
  3163 | D:4      | Reached XP level 8. HP: 61/61 MP: 15/15
  3167 | D:4      | Learned a level 3 spell: Mephitic Cloud
  3376 | D:5      | Noticed Ijyb
  3376 | D:5      | Found Cojoi's Magic Scroll Emporium.
  3379 | D:5      | Killed Ijyb
  3391 | D:5      | Reached skill level 1 in Air Magic
  3391 | D:5      | Reached skill level 1 in Alchemy
  3392 | D:5      | Bought a scroll of teleportation for 33 gold pieces
  3575 | D:5      | Found Waesm's Weapon Emporium.
  3590 | D:5      | Reached * piety under Kikubaaqudgha
  3590 | D:5      | Received a gift from Kikubaaqudgha
  3593 | D:5      | Learned a level 1 spell: Necrotise
  3596 | D:5      | Found Foytz's Weapon Emporium.
  3649 | D:5      | Found a glowing silver altar of Zin.
  3810 | D:5      | Reached skill level 1 in Armour
  3813 | D:5      | Reached skill level 1 in Necromancy
  4239 | D:6      | an ice beast changed into a blink frog
  4239 | D:6      | Noticed a blink frog
  4252 | D:6      | Killed a blink frog
  4258 | D:6      | Learned a level 3 spell: Fugue of the Fallen
  4262 | D:6      | Learned a level 3 spell: Vampiric Draining
  4284 | D:6      | Reached skill level 6 in Spellcasting
  4484 | D:6      | Reached XP level 9. HP: 67/67 MP: 18/18
  5085 | D:7      | Reached ** piety under Kikubaaqudgha
  5323 | D:7      | Noticed a gargoyle
  5456 | D:8      | Reached skill level 5 in Armour
  5556 | D:7      | Paralysed by a hornet for 3 turns
  5659 | D:8      | Noticed Psyche
  5660 | D:8      | Psyche changed into Psyche the wind drake
  5660 | D:8      | Noticed Psyche
  5669 | D:8      | Killed from afar by Psyche the wind drake

Illustrated notes

Levels and vault maps discovered:
D:1:      minmay_arrival_radiant_lines, layout_loops_ring,
          hellmonk_ecumenical_altar_defaced_shrine, chequers_decorated_corner,
          grunt_decor_cap
D:2:      layout_loops_ring
D:3:      layout_loops_ring, gammafunk_ghost_gnarly_gnolls, uniq_robin,
          uniq_sigmund
D:4:      layout_basic, minmay_temple_entry_enclosed_plants, serial_shops, shop,
          uniq_grinder
D:5:      layout_basic, mainiacjoe_overflow_paths, serial_shops, shop, shop,
          nicolae_shop_tiny_glass, shop, uniq_ijyb
D:6:      layout_basic
D:7:      layout_cave_pools, serial_gnoll_camp, gnoll_camp_mini_basic,
          gnoll_camp_medium_02, grums_kennel, gnoll_camp_huts_moat
D:8:      layout_loops_corners, chequers_temple_overflow_statue_of_worship,
          minmay_nine_imps, uniq_psyche, uniq_prince_ribbit1
Temple:   bh_familiar_temple

Skill      XL: |  1  2  3  4  5  6  7  8  9 |
---------------+----------------------------+-----
Conjurations   | 1 2 |  2.0
Summonings     | 1 2 |  2.4
Spellcasting   | 3 4 5 6 |  6.0
Translocations | 2 |  2.0
Fighting       | 1 2 3 |  3.7
Short Blades   | 1 2 |  2.6
Evocations     | 2 3 4 |  4.0
Dodging        | 2 |  2.0
Polearms       | 1 3 4 |  4.0
Air Magic      | 1 |  1.2
Alchemy        | 1 |  1.2
Armour         | 3 5 |  5.5
Necromancy     | 2 3 |  3.7
Stealth        | |  2.3

Action                     |  1- 3 |  4- 6 |  7- 9 || total
---------------------------+-------+-------+-------++-------
  Melee: Dagger            |    48 |    54 |    17 ||   119
         Short sword       |     2 |       |       ||     2
         Tailslap          |     3 |     6 |    27 ||    36
         Punch             |     1 |     2 |     3 ||     6
         Spear             |       |       |   204 ||   204
   Cast: Magic Dart        |    63 |   130 |    52 ||   245
         Call Imp          |     4 |    21 |    31 ||    56
         Slow              |     1 |     7 |     2 ||    10
         Blink             |     1 |     5 |    16 ||    22
         Cigotuvi's Dreadf |       |     3 |     2 ||     5
         Necrotise         |       |       |    12 ||    12
         Vampiric Draining |       |       |    17 ||    17
         Fugue of the Fall |       |       |     2 ||     2
  Evoke: Wand              |       |       |    21 ||    21
    Use: Scroll            |       |       |     4 ||     4
         Potion            |       |       |     1 ||     1
   Stab: Sleeping          |     3 |     5 |     1 ||     9
         Distracted        |       |     1 |     2 ||     3
         Paralysed         |       |       |     2 ||     2
 Armour: Robe              |    50 |    53 |    34 ||   137
         Ring mail         |       |       |   225 ||   225
  Dodge: Dodged            |    51 |    35 |   120 ||   206
